 Dungeon Crawl Stone Soup version 0.21-a0-552-g593960d (webtiles) character file.

24 esteth the Bolt Thrower (level 2, 5/23 HPs)
             Began as a Centaur Arcane Marksman on Dec 17, 2017.
             Quit the game on level 1 of the Dungeon.
             The game lasted 00:01:34 (503 turns).

esteth the Bolt Thrower (Centaur Arcane Marksman)    Turns: 503, Time: 00:01:35

Health: 5/23       AC:  4    Str: 12    XL:     2   Next: 79%
Magic:  3/3        EV: 10    Int: 12    God:
Gold:   9          SH:  0    Dex:  9    Spells: 2/3 levels left

rFire    . . .     SeeInvis .   a - +0 hand crossbow
rCold    . . .     Gourm    .   (no shield)
rNeg     . . .     Faith    .   e - +0 robe
rPois    .         Spirit   .   (no helmet)
rElec    .         Reflect  .   (no cloak)
rCorr    .         Harm     .   (no gloves)
MR       .....                  (no barding)
Stlth    +.........             (no amulet)
HPRegen  0.07/turn              (no ring)
MPRegen  0.08/turn              (no ring)

@: very quick
A: large, hooves 3, deformed body, speed 2, tough skin 3
a: no special abilities


You were on level 1 of the Dungeon.
You were not hungry.

You visited 1 branch of the dungeon, and saw 1 of its levels.

You collected 9 gold pieces.

Inventory:

Hand Weapons
 a - a +0 hand crossbow (weapon)
Armour
 e - a +0 robe (worn)
Scrolls
 b - a scroll of identify {unknown}
Potions
 i - a potion of curing {unknown}
Books
 c - a book of Debilitation

   Spells                             Type                      Level
   a - Corona                         Hexes                        1
   b - Slow                           Hexes                        2
   c - Inner Flame                    Hexes/Fire                   3
   d - Portal Projectile              Hexes/Translocation          3
   e - Cause Fear                     Hexes                        4
   f - Leda's Liquefaction            Hexes/Earth                  4
Comestibles
 f - 3 bread rations
 g - 4 chunks of flesh
 h - 3 fruits


   Skills:
 - Level 1.1 Fighting
 + Level 3.4 Crossbows
 - Level 1.4 Dodging
 - Level 1.0 Spellcasting
 - Level 2.7 Hexes


You had 2 spell levels left.
You knew the following spells:

 Your Spells              Type           Power        Failure   Level  Hunger
a - Corona                Hex            #......      10%         1    ##.....


Dungeon Overview and Level Annotations

Branches:
Dungeon (1/15)

Altars:


Innate Abilities, Weirdness & Mutations

You have hooves in place of feet.
Armour fits poorly on your strangely shaped body.
You cover ground very quickly.
You have extremely tough skin. (AC +3)


Message History

[Y]es or [N]o only, please.
Really attack while wielding your +0 hand crossbow? [Y]es or [N]o only, please.
Really attack while wielding your +0 hand crossbow?
You clumsily bash the kobold but do no damage.
Your kick misses the kobold. The kobold hits you but does no damage.
The dart slug bites you but does no damage.
The kobold hits you but does no damage.
You clumsily bash the kobold but do no damage.
The kobold hits you but does no damage. The dart slug launches a dart at you.
The slug dart hits you!
* * * LOW HITPOINT WARNING * * *
There are monsters nearby!
You clumsily bash the kobold but do no damage.
The kobold barely misses you.
The dart slug bites you but does no damage.
There are monsters nearby!
Clearing level map.
Are you sure you want to abandon this character and quit the game? (Confirm with "yes".)

.######.....#.####.........#
...............###########
................# #......
........##.......# ###.....
.................###.......
........#.#..........##....
........#................##
.......#w........##....##
..(....(K@......#.......#
..................#####.#
.......####.............##
....... ##...>..####....
....... .......## ####.
....... .......#######..
....... ...........# ......#
...#########


You could see a dart slug and a kobold.

Vanquished Creatures
  An ooze (D:1)
  A leopard gecko (D:1)
  A bat (D:1)
  2 giant cockroaches (D:1)
  2 goblins (D:1)
  3 hobgoblins (D:1)
  5 frilled lizards (D:1)
  2 kobolds (D:1)
  A rat (D:1)
18 creatures vanquished.

Notes
Turn   | Place    | Note
-------+----------+-------------------------------------------
     0 | D:1      | esteth the Centaur Arcane Marksman began the quest for the Orb.
     0 | D:1      | Reached XP level 1. HP: 16/16 MP: 2/2
   109 | D:1      | Reached XP level 2. HP: 18/23 MP: 3/3
   337 | D:1      | Reached skill level 3 in Crossbows
   503 | D:1      | Quit the game

Vault maps used:
D:1:      dpeg_arrival_stone_temple_mockup

Skill      XL: |  1  2 |
---------------+-------+-----
Crossbows      | 3 |  3.4
Fighting       | |  1.1
Dodging        | |  1.4
Spellcasting   | |  1.0
Hexes          | |  2.7

Action                   || total
-------------------------++-------
Melee: Hand crossbow     ||     3
 Fire: Hand crossbow     ||    73
Armor: Robe              ||    16
Dodge: Dodged            ||    16

Table legend:
 A = Spawn XP
 B = Non-spawn XP
 C = Spawn XP percentage of total XP
 D = Spawn monster count
 E = Non-spawn monster count
 F = Spawn count percentage of total count
 G = Total turns spent on level
                    A         B        C        D         E        F      G
               +---------+---------+-------+---------+---------+-------+---------
         Total |       0 |      35 |   0.0 |       0 |      18 |   0.0 |   503
               +---------+---------+-------+---------+---------+-------+---------
           D:1 |       0 |      35 |   0.0 |       0 |      18 |   0.0 |   503
               +---------+---------+-------+---------+---------+-------+---------
